 Dungeon Crawl Stone Soup version 0.28-a0-1613-gdaab1c2f9b (webtiles) character file.

Game seed: 18444315563851122852

2900 bladeefan the Fighter (level 9, -17/77 HPs)
             Began as a Demonspawn Abyssal Knight on Jan 21, 2022.
             Was an Elder of Lugonu.
             Demolished by a two-headed ogre (20 damage)
             ... on level 6 of the Dungeon.
             The game lasted 00:15:26 (8976 turns).

bladeefan the Fighter (Demonspawn Abyssal Knight)   Turns: 8976, Time: 00:15:27

Health: -17/77     AC: 10    Str: 29    XL:     9   Next: 49%
Magic:  14/15      EV: 11    Int: 14    God:    Lugonu [****..]
Gold:   316        SH:  5    Dex: 13    Spells: 8/8 levels left

rFire   . . .      SeeInvis +   m - +2 dagger "Ankiuson" {vamp, Str+4 Int+3 SInv}
rCold   . . .      Faith    .   (no shield)
rNeg    . . .      Spirit   .   l - +1 ring mail of Levity {Will+ SInv}
rPois   +          Reflect  +   (no helmet)
rElec   .          Harm     .   p - +0 cloak
rCorr   .          Rampage  .   (no gloves)
Will    +....                   j - +0 pair of boots
Stlth   +.........              E - amulet of reflection
HPRegen 0.22/turn               h - ring of poison resistance
MPRegen 0.14/turn               y - +6 ring of strength

@: no status effects
A: claws 2, rugged brown scales 1, foul stench 1, spiny 2
a: Renounce Religion, Depart the Abyss, Bend Space, Banish, Corrupt


You were on level 6 of the Dungeon.
You worshipped Lugonu.
Lugonu was greatly pleased with you.
You visited 1 branch of the dungeon, and saw 8 of its levels.
You visited the Abyss 1 time.
You also visited: Ossuary.

You collected 316 gold pieces.

Inventory:

Hand Weapons
 a - a +1 mace
 m - the +2 dagger "Ankiuson" (weapon) {vamp, Str+4 Int+3 SInv}
   (You found it on level 2 of the Dungeon)

   It occasionally heals its wielder for a portion of the damage dealt when it
   wounds a living foe.
   Str:       It affects your strength (+4).
   Int:       It affects your intelligence (+3).
   SInv:      It lets you see invisible.
Armour
 j - a +0 pair of boots (worn)
   (You found it on level 2 of the Dungeon)
 l - the +1 ring mail of Levity (worn) {Will+ SInv}
   (You found it on level 2 of the Dungeon)

   SInv:      It lets you see invisible.
   Will:      It increases your willpower.
 o - a +0 plate armour
   (You found it on level 4 of the Dungeon)
 p - a +0 cloak (worn)
   (You found it on level 5 of the Dungeon)
 u - the +3 ring mail of Bellicose Contentment {rC++}
   (You found it in an ossuary)

   rC:        It greatly protects you from cold.
 B - a +0 cloak
   (You took it off Crazy Yiuf on level 5 of the Dungeon)
Jewellery
 h - a ring of poison resistance (left claw)
   (You found it on level 1 of the Dungeon)
 y - a +6 ring of strength (right claw)
   (You found it on level 5 of the Dungeon)
 C - a ring of positive energy
   (You found it on level 6 of the Dungeon)
 E - an amulet of reflection (around neck)
   (You found it on level 6 of the Dungeon)
Wands
 d - a wand of iceblast (9)
   (You found it on level 6 of the Dungeon)
 t - a wand of flame (26)
   (You found it on level 5 of the Dungeon)
 x - a wand of acid (6)
   (You found it on level 8 of the Dungeon)
Scrolls
 c - a scroll of magic mapping
 g - a scroll of fog
 i - 3 scrolls of blinking
 n - 6 scrolls of teleportation {@r4}
 q - 2 scrolls of enchant armour
 v - a scroll of noise {!r}
 D - a scroll of amnesia
 F - a scroll of vulnerability {unknown}
 G - a scroll of brand weapon
 J - a scroll of fear {unknown}
Potions
 b - 4 potions of might {unknown}
 e - a potion of mutation {!q}
 f - a potion of lignification {!q}
 k - a potion of resistance {unknown}
 r - 2 potions of ambrosia {unknown}
 s - a potion of flight {unknown}
 w - 4 potions of heal wounds {@q2}
 z - a potion of brilliance {unknown}
 A - a potion of haste {unknown}
 H - a potion of cancellation {unknown}
 I - a potion of berserk rage {unknown}
 K - 2 potions of invisibility {unknown}


   Skills:
 * Level 8.9 Fighting
 + Level 4.9 Short Blades
 - Level 2.2 Maces & Flails
 + Level 5.7 Armour
 - Level 0.8 Dodging
 + Level 8.0 Invocations


You had 8 spell levels left.
You didn't know any spells.
Your spell library contained the following spells:

 Spells                   Type           Power      Damage    Failure   Level
 Magic Dart               Conj           0%         1d3       38%         1
 Searing Ray              Conj           0%         2d4       52%         2
 Gell's Gravitas          Tloc           0%         N/A       77%         3
 Lesser Beckoning         Tloc           0%         N/A       77%         3
 Teleport Other           Tloc           0%         N/A       77%         3
 Fulminant Prism          Conj/Hex       0%         3d6       99%         4


Dungeon Overview and Level Annotations

Branches:
Dungeon (8/15)             Temple (0/1) D:6         Ossuary (visited)
   Lair: D:8-11

Altars:
Wu Jian

Annotations:
Abyss:1 Menkaure


Innate Abilities, Weirdness & Mutations

You have very sharp fingernails.
You are partially covered in rugged brown scales. (AC +1, +3% HP)
You may rarely emit foul miasma when damaged in melee.
You are mostly covered in sharp spines.


Message History

A gnoll comes into view. It is wielding a +0 flail.
There are monsters nearby!
There are monsters nearby!
The gnoll shouts! x2; You hear a shout! x4
A two-headed ogre comes into view.
It is wielding a +0 giant spiked club and a +0 giant club.
You puncture the two-headed ogre! You hit the two-headed ogre.
The two-headed ogre is struck by your spines.
The two-headed ogre hits you with a +0 giant spiked club!
The two-headed ogre hits you with a +0 giant club!
You completely miss the two-headed ogre.
The two-headed ogre barely misses you. x2
You hit the two-headed ogre but do no damage.
You hit the two-headed ogre.
You feel better. The two-headed ogre barely misses you.
The two-headed ogre hits you with a +0 giant club!
You barely miss the two-headed ogre. You hit the two-headed ogre.
You feel better.
The two-headed ogre is struck by your spines.
The two-headed ogre hits you with a +0 giant spiked club!
* * * LOW HITPOINT WARNING * * *
The two-headed ogre hits you with a +0 giant club.
* * * LOW HITPOINT WARNING * * *
You emit a cloud of foul miasma!
The two-headed ogre is engulfed in dark miasma.
The two-headed ogre is poisoned.
The two-headed ogre looks more healthy.
You see here a +0 quarterstaff.
Found a helmet.
You see here a bullfrog corpse.
There is a stone staircase leading up here.
The two-headed ogre hits you with a +0 giant spiked club!!
* * * LOW HITPOINT WARNING * * *
The two-headed ogre hits you with a +0 giant club!
* * * LOW HITPOINT WARNING * * *
You climb upwards.
There is a stone staircase leading down here.
Space bends violently around you!
You blink.
Space bends around you!
You blink.
Space bends sharply around you!
You blink.
There is a stone staircase leading up here.
The two-headed ogre completely misses you.
The two-headed ogre hits you with a +0 giant club.
* * * LOW HITPOINT WARNING * * *
You climb upwards.
There is a stone staircase leading down here.
Unknown command.
You block the two-headed ogre's attack.
The two-headed ogre hits you with a +0 giant club!!
You die...

#.####.######.# # #.# #.#.#..#.#
# #.####.#....#.# #
#.#....#.#.##.# # #.#.#..#.#<.#.#
#################.#.#..#.####.#
....................#..#......#
#################)###..##########
................@O...>...........
#############.###.####.##########
....................#.).....#
#############.###.#.#†#####.#
..........†.......#.#.....#.#
.############.#####.#.###.#.# ..#
#.#...........#.##### #.##
#.#.###.#.#####...... #..#
#####.#.# #.#.# #######


You could see a two-headed ogre.

Vanquished Creatures
  Sigmund (D:2)
  Eustachio (D:4)
  2 steam dragons
  A black bear (D:7)
  An ice beast (D:4)
  A sky beast (D:6)
  A necrophage (D:7)
  An ogre (D:6)
  3 bullfrogs
  2 wyvern zombies
  6 water moccasin zombies (Ossuary)
  5 scorpions
  A wyvern skeleton (D:7)
  3 wights (D:8)
  A howler monkey (D:6)
  2 bullfrog zombies
  3 jellies
  An orc priest (D:4)
  Crazy Yiuf (D:5)
  4 centaur skeletons
  2 iguanas
  A killer bee zombie (D:7)
  2 hound skeletons
  3 mummies
  3 gnolls (D:4)
  An adder (D:2)
  A white imp (D:5)
  An ufetubus (D:5)
  3 adder zombies (Ossuary)
  2 worms
  11 orcs
  10 ball pythons
  8 endoplasms
  4 giant cockroaches
  6 goblins
  9 hobgoblins
  6 quokkas
  5 bats
  4 frilled lizards
  5 gnoll zombies (Ossuary)
  4 hobgoblin zombies (Ossuary)
  7 kobolds
  3 kobold zombies (Ossuary)
  7 orc zombies (Ossuary)
  A quokka skeleton (D:3)
  12 rats
162 creatures vanquished.

Notes
Turn   | Place    | Note
-------+----------+-------------------------------------------
     0 | Abyss:1  | bladeefan the Demonspawn Abyssal Knight began the quest for
                  | the Orb.
     0 | Abyss:1  | Reached XP level 1. HP: 18/18 MP: 2/2
    86 | Abyss:1  | Noticed a neqoxec
    87 | D:1      | Escaped the Abyss
   270 | D:1      | Reached * piety under Lugonu
   535 | D:1      | Gained mutation: You are partially covered in rugged brown
                  | scales. (AC +1, +3% HP) [demonic ancestry]
   535 | D:1      | Reached XP level 2. HP: 17/24 MP: 4/4
  1253 | D:1      | Gained mutation: You are partially covered in sharp spines.
                  | [demonic ancestry]
  1253 | D:1      | Reached XP level 3. HP: 28/29 MP: 5/5
  1419 | D:1      | Found a faded altar of an unknown god.
  1993 | D:2      | Identified the +1 ring mail of Levity {Will+ SInv}
  1995 | D:2      | Identified the +2 dagger "Ankiuson" {vamp, Str+4 Int+3
                  | SInv}
  1999 | D:2      | Reached ** piety under Lugonu
  2203 | D:2      | Found an ornate altar of the Wu Jian Council.
  2249 | D:2      | Noticed Sigmund
  2285 | D:2      | Killed Sigmund
  2286 | D:2      | Reached skill level 1 in Short Blades
  2286 | D:2      | Gained mutation: You may rarely emit foul miasma when
                  | damaged in melee. [demonic ancestry]
  2286 | D:2      | Reached XP level 4. HP: 20/39 MP: 6/6
  2286 | D:2      | Reached XP level 5. HP: 22/44 MP: 7/7
  3118 | D:4      | Reached *** piety under Lugonu
  3119 | D:4      | Gained mutation: You have sharp fingernails. [demonic
                  | ancestry]
  3119 | D:4      | Reached XP level 6. HP: 42/51 MP: 9/9
  3119 | D:4      | Upgraded the game from 0.28-a0-1594-ga885d4b3d6 to
                  | 0.28-a0-1613-gdaab1c2f9b
  3195 | D:4      | Noticed Eustachio
  3506 | D:4      | Killed Eustachio
  3507 | D:4      | Reached skill level 5 in Fighting
  3832 | D:4      | Gained mutation: You are mostly covered in sharp spines.
                  | [demonic ancestry]
  3832 | D:4      | Reached XP level 7. HP: 56/57 MP: 10/10
  3848 | D:4      | Reached skill level 5 in Invocations
  4681 | D:5      | Entered Level 5 of the Dungeon
  5290 | D:5      | Found a sand-covered staircase.
  5305 | Ossuary  | Entered an ossuary
  5407 | Ossuary  | Gained mutation: You have very sharp fingernails. [demonic
                  | ancestry]
  5407 | Ossuary  | Reached XP level 8. HP: 65/66 MP: 12/12
  5469 | Ossuary  | Reached **** piety under Lugonu
  5729 | Ossuary  | Identified the +3 ring mail of Bellicose Contentment {rC++}
  6088 | D:5      | Found a runed translucent door.
  6089 | D:5      | Noticed Crazy Yiuf
  6206 | D:5      | Noticed Menkaure
  6216 | D:5      | Banished Menkaure
  6757 | D:5      | Killed Crazy Yiuf
  6901 | D:6      | Reached skill level 5 in Armour
  7335 | D:6      | Found a staircase to the Ecumenical Temple.
  7350 | D:6      | Reached XP level 9. HP: 76/76 MP: 14/14
  8900 | D:8      | Noticed a two-headed ogre
  8970 | D:7      | HP: 2/77 [two-headed ogre (1)]
  8976 | D:6      | Demolished by a two-headed ogre

Illustrated notes

Levels and vault maps discovered:
D:1:      giann_wishing_wells, layout_loops_corners,
          shapermc_ecumenical_altar_notcrosses, minmay_tall_x
D:2:      layout_rooms, basic_altar, uniq_sigmund
D:3:      minmay_diamond_boxcup, layout_basic
D:4:      layout_basic, minmay_misc_feat_x, uniq_eustachio
D:5:      layout_loops_ring, gup_ossuary_entry_pyramid, bh_walls_and_bars,
          uniq_crazy_yiuf_cottage, uniq_menkaure
D:6:      layout_basic, minmay_temple_entry_large_hall
D:7:      layout_rooms
D:8:      layout_loops_ring, nicolae_uskayaw_suspiria,
          regret_index_temple_of_mockery, uniq_prince_ribbit1

Skill      XL: |  1  2  3  4  5  6  7  8  9 |
---------------+----------------------------+-----
Maces & Flails | 2 |  2.2
Armour         | 2 3 4 5 |  5.7
Invocations    | 3 4 5 7 8 |  8.0
Fighting       | 4 5 6 8 |  8.9
Short Blades   | 1 2 3 4 |  4.9
Dodging        | |  0.8

Action                   |  1- 3 |  4- 6 |  7- 9 || total
-------------------------+-------+-------+-------++-------
Melee: Mace              |    83 |       |       ||    83
       Dagger            |    21 |   117 |   374 ||   512
       Punch             |       |     3 |     1 ||     4
Invok: Depart the Abyss  |     1 |       |       ||     1
       Bend Space        |       |     1 |     3 ||     4
       Banish            |       |       |     2 ||     2
  Use: Scroll            |     3 |     3 |     6 ||    12
       Potion            |     3 |       |       ||     3
Armor: Leather armour    |    18 |       |       ||    18
       Ring mail         |     4 |    41 |   107 ||   152
Dodge: Dodged            |    58 |    68 |   164 ||   290
Block: Other             |       |       |    26 ||    26

Table legend: (Time is in decaauts)
 A = Elapsed time spent in this place.
 B = Non-inter-level travel time spent in this place.
 C = Inter-level travel time spent in this place.
 D = Time resting spent in this place.
 E = Time spent auto-exploring this place.
 F = Levels seen in this place.
 G = Mean time per level.
                   A        B        C        D        E       F      G
               +--------+--------+--------+--------+--------+-----+--------+
         Total |   8926 |   8778 |    148 |   2269 |   5108 |  10 |  892.6 |
       Dungeon |   8408 |   8260 |    148 |   2215 |   4774 |   8 | 1051.0 |
         Abyss |     87 |     87 |      0 |      0 |     82 |   1 |   87.0 |
       Ossuary |    430 |    430 |      0 |     54 |    252 |   1 |  430.0 |
               +--------+--------+--------+--------+--------+-----+--------+

Top non-repeatable levels by time:
     D:4: 1871 daAuts
     D:1: 1853 daAuts
     D:5: 1130 daAuts
     D:6: 1111 daAuts
     D:3: 862 daAuts
     D:7: 785 daAuts
     D:2: 548 daAuts
 Ossuary: 430 daAuts
     D:8: 246 daAuts
 Abyss:1: 87 daAuts
